 Dungeon Crawl Stone Soup version 0.27-a0-1149-g4505690ab0 (webtiles) character file.

Game seed: 10672697671321849083

61 kae the Skirmisher (level 3, -26/29 HPs)
             Began as a Demonspawn Fighter on May 12, 2021.
             Killed by an exploding orc priest (44 damage)
             ... ignited by their inner flame
             ... on level 3 of the Dungeon.
             The game lasted 00:01:27 (1859 turns).

kae the Skirmisher (Demonspawn Fighter)             Turns: 1859, Time: 00:01:28

Health: -26/29     AC: 11    Str: 17    XL:     3   Next: 83%
Magic:  3/3        EV:  2    Int:  9    God:
Gold:   56         SH:  8    Dex: 12    Spells: 2/2 levels left

rFire    . . .     SeeInvis .   a - +0 long sword
rCold    . . .     Faith    .   c - +0 kite shield
rNeg     . . .     Spirit   .   j - +0 plate armour
rPois    .         Reflect  .   (no helmet)
rElec    .         Harm     .   (no cloak)
rCorr    .         Rampage  .   (no gloves)
Will     .....                  (no boots)
Stlth    ..........             (no amulet)
HPRegen  0.09/turn              (no ring)
MPRegen  0.08/turn              (no ring)

@: attractive
A: talons 1
a: no special abilities


You were on level 3 of the Dungeon.
You visited 1 branch of the dungeon, and saw 3 of its levels.

You collected 98 gold pieces.
You spent 42 gold pieces at shops.

Inventory:

Hand Weapons
 a - a +0 long sword (weapon)
Armour
 b - a +0 scale mail
 c - a +0 kite shield (worn)
 j - a +0 plate armour (worn)
Jewellery
 i - a ring of ice
 m - a +4 ring of evasion
 o - a +4 ring of protection
Potions
 d - 2 potions of might
 e - a potion of brilliance
 g - a potion of cancellation


   Skills:
 + Level 3.6 Fighting
 * Level 3.3 Long Blades
 - Level 2.6 Armour
 - Level 2.6 Shields


You had 2 spell levels left.
You didn't know any spells.
Your spell library was empty.

Dungeon Overview and Level Annotations

Branches:
Dungeon (3/15)

Altars:

Shops:
D:2 =([(*


Innate Abilities, Weirdness & Mutations

You have sharp toenails.


Message History

You hit the orc priest.
The orc priest is lightly wounded.
An orc comes into view. It is wielding a +0 hand axe.
The orc priest hits you but does no damage.
The orc priest begins to cast a cantrip, but forgets the words!
The orc priest invokes the aid of Beogh against you.
Pain shoots through your body!
There are monsters nearby!
You are too injured to fight recklessly!
You are too injured to fight recklessly!
As you read the scroll labelled JALLAA BADAC, it crumbles to dust.
The creatures around you are filled with an inner flame!
It was a scroll of immolation.
The orc shouts!
You block the orc priest's attack.
This is a scroll of acquirement!
Something appears at your feet!
It was a potion of flight.
You feel very buoyant.
You fly up into the air.
It was a potion of cancellation.
Your magical effects are unravelling.
You feel magically purged.
You float gracefully downwards.
The orc hits you but does no damage.
The orc priest hits you but does no damage.
It was a potion of attraction.
You feel attractive to monsters. The orc hits you with a +0 flail.
It was a potion of curing.
You feel better. You block the orc's attack.
The orc priest hits you with a +0 whip.
You slash the orc priest!
Flame seeps out of the orc priest.
You claw the orc priest, but do no damage.
The orc priest is severely wounded.
You block the orc's attack.
The orc priest is engulfed in blazing flames.
The orc priest explodes!
The fiery explosion engulfs the orc!!!
The fiery explosion engulfs the orc!
The fiery explosion engulfs you!!!
Ouch! That really hurt!
You die...

########### ##
##...##....# ...
#..........#### ...
#.............#....
#......#......##... .
#.................. ...
#.......###.#......
.....#o......#
#........ #....§@§†##.#
#........
###..)○#....###........
#....§§#.##.........†..
#............[...<.#)..
#...>..#..........†#...
###....###.............
#....# .............
#....# .............
.............


You could see an orc priest (inner flame).

Vanquished Creatures
  An orc priest (D:3)
  3 adders
  2 orcs (D:3)
  2 ball pythons (D:1)
  5 endoplasms
  2 giant cockroaches
  3 goblins
  3 hobgoblins
  4 jackals
  2 quokkas
  3 bats (D:1)
  5 frilled lizards
  A kobold (D:2)
  A rat (D:3)
37 creatures vanquished.

Notes
Turn   | Place    | Note
-------+----------+-------------------------------------------
     0 | D:1      | kae the Demonspawn Fighter began the quest for the Orb.
     0 | D:1      | Reached XP level 1. HP: 18/18 MP: 1/1
   392 | D:1      | Gained mutation: You have sharp toenails. [demonic
                  | ancestry]
   392 | D:1      | Reached XP level 2. HP: 24/24 MP: 2/2
  1012 | D:2      | Found Sibank's Antique Armour Boutique.
  1038 | D:2      | Found Cuczutoe's Weapon Emporium.
  1049 | D:2      | Found Vuaguapn's Assorted Antiques.
  1068 | D:2      | Bought a black potion for 21 gold pieces
  1068 | D:2      | Bought a fuming golden potion for 21 gold pieces
  1102 | D:2      | Reached XP level 3. HP: 28/29 MP: 3/3
  1483 | D:2      | Found Reeqokk's Jewellery Emporium.
  1489 | D:2      | Found a faded altar of an unknown god.
  1500 | D:2      | Found Xatiacao's Weapon Emporium.
  1854 | D:3      | Identified a scroll of acquirement
  1854 | D:3      | Acquired the amulet "Ruwakh" {-Cast Rampage Will+ Regen+
                  | Dex+7}
  1859 | D:3      | Killed by an exploding orc priest... ignited by their inner
                  | flame

Illustrated notes

Levels and vault maps discovered:
D:1:      lightli_arrival_farm, layout_loops_ring, minmay_quantized
D:2:      layout_rooms, hellmonk_ecumenical_altar_heavens_door, serial_shops,
          shop_statue, shop, shop_statue, nicolae_shop_statue_plus, shop
D:3:      layout_basic

Skill      XL: |  1  2  3 |
---------------+----------+-----
Long Blades    | 2 3 |  3.3
Fighting       | |  3.6
Armour         | |  2.6
Shields        | |  2.6

Action                   || total
-------------------------++-------
Melee: Long sword        ||    79
       Kick              ||    13
  Use: Scroll            ||     3
       Potion            ||     4
Armor: Scale mail        ||    17
       Plate armour      ||    39
Dodge: Dodged            ||    18
Block: Kite shield       ||    48
       Rpst.: Long sword ||     3

Table legend: (Time is in decaauts)
 A = Elapsed time spent in this place.
 B = Non-inter-level travel time spent in this place.
 C = Inter-level travel time spent in this place.
 D = Time resting spent in this place.
 E = Time spent auto-exploring this place.
 F = Levels seen in this place.
 G = Mean time per level.
                   A        B        C        D        E       F      G
               +--------+--------+--------+--------+--------+-----+--------+
         Total |   1919 |   1826 |     93 |    251 |   1353 |   3 |  639.7 |
       Dungeon |   1919 |   1826 |     93 |    251 |   1353 |   3 |  639.7 |
               +--------+--------+--------+--------+--------+-----+--------+

Top non-repeatable levels by time:
     D:1: 1035 daAuts
     D:2: 729 daAuts
     D:3: 154 daAuts
